 Dungeon Crawl Stone Soup version 0.19.0-9-gfd783f2 (webtiles) character file.

416 Haldmier the Cleaver (level 6, 0/50 HPs)
             Began as a Hill Orc Gladiator on Nov 7, 2016.
             Was a Believer of Makhleb.
             Slain by an ogre
             ... wielding a +0 giant club
              (16 damage)
             ... on level 4 of the Dungeon.
             The game lasted 00:10:43 (4294 turns).

Haldmier the Cleaver (Hill Orc Gladiator)           Turns: 4294, Time: 00:10:44

Health: 0/50       AC:  5    Str: 18    XL:     6   Next: 92%
Magic:  6/6        EV: 12    Int:  8    God:    Makhleb [**....]
Gold:   161        SH:  0    Dex: 13    Spells: 0 memorised, 5 levels left

rFire  + . .     SeeInvis .     a - +0 war axe
rCold  . . .     Gourm    .     x - +1 leather armour {rF+}
rNeg   . . .     Faith    .     (no shield)
rPois  .         Spirit   .     C - +0 helmet (curse)
rElec  .         Reflect  .     (no cloak)
rCorr  .         Harm     .     (no gloves)
MR     .....                    (no boots)
Stlth  +.........               (no amulet)
                                (no ring)
                                (no ring)

@: no status effects
A: no striking features
a: Minor Destruction, Renounce Religion


You were on level 4 of the Dungeon.
You worshipped Makhleb.
Makhleb was pleased with you.
You were hungry.

You visited 1 branch of the dungeon, and saw 4 of its levels.

You collected 161 gold pieces.

Inventory:

Hand Weapons
 a - a +0 war axe (weapon)
Missiles
 d - 3 throwing nets (quivered)
 k - 222 stones
 p - 2 tomahawks
Armour
 c - a +0 helmet
 i - a +0 ring mail
 m - a cursed +0 scale mail
 x - a +1 leather armour of fire resistance (worn)
 C - a cursed +0 helmet (worn)
Jewellery
 A - an uncursed ring of protection from fire {unknown}
Wands
 w - a wand of slowing (24/48)
 B - a wand of enslavement (9/24)
Scrolls
 b - 2 scrolls of teleportation {unknown}
 e - 2 scrolls of identify {unknown}
 j - a scroll of recharging {unknown}
 q - 2 scrolls of immolation {unknown}
 u - a scroll of remove curse {unknown}
 y - a scroll of enchant armour {unknown}
 D - a scroll of fear {unknown}
Potions
 h - 2 potions of haste {unknown}
 l - 5 potions of heal wounds {unknown}
 o - a potion of lignification {unknown}
 r - a potion of curing {unknown}
 v - a potion of flight {unknown}
 z - a potion of brilliance {unknown}
Comestibles
 f - 6 bread rations
 g - a meat ration
 n - 3 slices of pizza
 t - 2 beef jerkies


   Skills:
 - Level 2.4 Fighting
 + Level 9.8 Axes
 - Level 1.7 Throwing
 - Level 2.4 Dodging


You had 5 spell levels left.
You didn't know any spells.

Dungeon Overview and Level Annotations

Branches:
Dungeon (4/15)
 Temple: D:4-7

Altars:
Makhleb
Ru
Sif Muna
Xom


Message History

The ogre closely misses you.
You hit the ogre but do no damage.
The ogre is moderately wounded.
The ogre hits you with a giant spiked club!!
You barely miss the ogre.
The ogre is moderately wounded.
You completely miss the ogre.
The ogre is moderately wounded.
The ogre hits you with a giant spiked club!
You hit the ogre.
The ogre is moderately wounded.
The ogre hits you with a giant spiked club!
* * * LOW HITPOINT WARNING * * *
There is a stone staircase leading up here.
Found a scroll labeled HUCRY DINUUM.
An ogre comes into view. It is wielding a giant club.
The ogre shouts!
You see here a scroll labeled HUCRY DINUUM.
The ogre hits you with a giant club!
You die...

.#.#.#............#
.#.#.#............#
.#.#.#.........<>.# . ##
.#.#.#.########...# ..
.. ...#.#.########...#
... ..
..............#...# ....
..
####.#.######.#...#.....
..
..............#.........
..
#####..#########@O#.###
..
..............O?......#
..
###################...#
## .... ## ### .# .# .#
.#


You could see 2 ogres.

Vanquished Creatures
  A bullfrog (D:3)
  A scorpion (D:4)
  A crimson imp (D:3)
  An iguana (D:4)
  Robin (D:3)
  3 gnolls (D:2)
  9 adders
  An ooze (D:3)
  A worm (D:3)
  4 dart slugs
  2 leopard geckos
  3 orcs (D:2)
  4 giant cockroaches
  16 goblins
  14 hobgoblins
  13 jackals (D:3)
  8 kobolds
  2 quokkas
  A ball python (D:1)
  7 bats
  5 frilled lizards
  6 rats
104 creatures vanquished.

Notes
Turn   | Place    | Note
-------+----------+-------------------------------------------
     0 | D:1      | Haldmier the Hill Orc Gladiator began the quest for the Orb.
     0 | D:1      | Reached XP level 1. HP: 18/18 MP: 1/1
     2 | D:1      | Noticed an elf
     2 | D:1      | Noticed a tengu
     4 | D:1      | Noticed a naga
     4 | D:1      | Noticed a demonspawn
     6 | D:1      | Noticed an ogre
     6 | D:1      | Noticed a halfling
     8 | D:1      | Noticed a human
    10 | D:1      | Noticed a formicid
    12 | D:1      | Noticed a draconian
    12 | D:1      | Noticed a gargoyle
    14 | D:1      | Noticed a merfolk
    16 | D:1      | Noticed a vampire
    16 | D:1      | Noticed a centaur
    18 | D:1      | Noticed an octopode
    20 | D:1      | Noticed a troll
    20 | D:1      | Noticed a spriggan
    22 | D:1      | Noticed a minotaur
    22 | D:1      | Noticed a felid
    24 | D:1      | Noticed a dwarf
    24 | D:1      | Noticed a ghoul
    26 | D:1      | Noticed a demigod
    26 | D:1      | Noticed a vine stalker
   151 | D:1      | Reached XP level 2. HP: 16/25 MP: 2/2
   362 | D:1      | Reached skill level 5 in Axes
   942 | D:2      | Reached XP level 3. HP: 30/30 MP: 3/3
  1103 | D:2      | Reached skill level 6 in Axes
  1118 | D:2      | Reached XP level 4. HP: 16/37 MP: 4/4
  1504 | D:2      | Found a shimmering altar of Xom.
  1506 | D:2      | Found a burning altar of Makhleb.
  1515 | D:2      | Became a worshipper of Makhleb the Destroyer
  1643 | D:2      | Found a faded altar of an unknown god.
  1800 | D:2      | Found a deep blue altar of Sif Muna.
  1804 | D:2      | Reached skill level 7 in Axes
  2150 | D:2      | Found a sacrificial altar of Ru.
  2281 | D:3      | Reached XP level 5. HP: 42/42 MP: 5/5
  2382 | D:3      | Reached * piety under Makhleb
  2392 | D:3      | Reached skill level 8 in Axes
  2816 | D:3      | Noticed Robin
  2821 | D:3      | Reached XP level 6. HP: 48/50 MP: 6/6
  2830 | D:3      | Killed Robin
  3117 | D:3      | Reached skill level 9 in Axes
  3192 | D:3      | Reached ** piety under Makhleb
  4294 | D:4      | Slain by an ogre

Skill      XL: |  1  2  3  4  5  6 |
---------------+-------------------+-----
Axes           | 5 6 7 8 9 |  9.8
Fighting       | |  2.4
Throwing       | |  1.7
Dodging        | |  2.4

Action                   |  1- 3 |  4- 6 || total
-------------------------+-------+-------++-------
Melee: War axe           |    61 |   220 ||   281
  Eat: Chunk             |     1 |     9 ||    10
Armor: Leather armour    |    17 |    54 ||    71
Dodge: Dodged            |    38 |   159 ||   197
